Description

Nova is a great commander that has a lot of power. Her hero is very powerful and can solo entire ground waves and can deal great damage to enemy encampments. My favorite units are: Ravens, Goliaths, Tanks, Ghosts, Marines, and Liberators. Ravens Tanks and Liberators to get the most DPS out of them think about may different control groups to do that. Lastly her top bars a great especially Griffin Air Strike, it can kill entire attacks wave all by itself.

VOD

https://youtu.be/jK8aYITA5-A

Replay - Best Build Order Nova [Easy Expo]

Build Order

Get SALT Encoding   

  12  0:03  SCV  
  13  0:20  SCV  
  14  0:37  SCV  
  15  0:53  SCV  
  16  1:11  Command Center  
  16  1:17  SCV  
  17  1:28  Refinery  
  17  1:38  SCV  
  18  1:43  Refinery  
  18  1:55  SCV  
  19  2:14  Barracks, SCV  
  20  2:31  SCV  
  21  3:15  SCV  
  22  3:20  Elite Marine  
  27  3:31  Barracks Tech Lab  
  30  3:56  Refinery  
  32  4:17  Factory  
  33  4:29  Refinery  
  37  5:01  Engineering Bay  
  40  5:37  Factory Tech Lab  
  41  5:42  Starport  
  41  5:45  Armory  
  41  5:47  Super Stimpack  
  41  5:55  Terran Infantry Weapons Level 1  
  41  6:15  Spider Mines  
  41  6:19  Ghost Visor  
  41  6:32  Laser Targeting System  
  41  6:52  Heavy Siege Tank  
  41  6:59  Terran Vehicle and Ship Weapons Level 1  
  47  7:00  Starport Tech Lab  
  47  7:04  Caduceus Reactor  
  47  7:14  Graduating Range  
  47  7:41  Griffin Airstrike  
  47  8:18  Operational Efficiency  
  47  8:40  Spec Ops Ghost  
  51  8:58  Griffin Airstrike  
  51  9:15  Raven Type-II  
  53  9:24  Defensive Drone  
  53  9:40  Elite Marine  
  53  9:48  Terran Infantry Weapons Level 2  
Spawning Tool Build Advisor. Get it on Overwolf

Go to:

Details

  • Created by: hunter      
  • Published on: Jul 18, 2018
  • Patch: 4.0.0
  • Difficulty: Easy
Show
View Real Time Build Order
Export as new Build Order

Comments (0)

There are no comments. Be the first!

Create an account to comment!